 Dungeon Crawl Stone Soup version 0.31-a0-986-g5e6e4ef867 (webtiles) character file.

Game seed: 3439541233342120998

2519617 MrSquiggles the Skinwalker (level 27, 76/136 HPs)
             Began as a Felid Summoner on Nov 2, 2023.
             Was an Initiate of Yredelemnul.
             Escaped with the Orb
             ... and 5 runes on Nov 5, 2023!
             The game lasted 10:42:30 (103708 turns).

MrSquiggles the Skinwalker (Felid Summoner)       Turns: 103708, Time: 10:42:31

Health: 76/136     AC: 13    Str: 11    XL:     27
Magic:  44/48      EV: 51    Int: 35    God:    Yredelemnul [......]
Gold:   8274       SH:  0    Dex: 14    Spells: 3/67 levels left
                                        Lives:  1   Deaths: 8

rFire   + +          +
                       - Unarmed
rCold   + . .        (shield unavailable)
rNeg    + . .        (body armour unavailable)
rPois   ∞            (helmet unavailable)
rElec   +            (cloak unavailable)
rCorr   +            (gloves unavailable)
SInv    +            (boots unavailable)
Will    ++++.        H - amulet of magic regeneration
Stlth   +            K - ring of the Final Chapter {+Blink rElec rF+ Str+4}
HPRegen 0.42/turn    U - ring of Moderation {*Corrode rF+ rN+ Int+5 Dex-4}
MPRegen 0.71/turn

%: corrode self (3%)
@: storm-form, resistant, calling dragons, flying, studying 2 skills
A: cleaving, insubstantial, flying, very small, (claws 1), (fangs 3), see
invisible, (speed 1), (shaggy fur 3), (stealthy paws), no weapons or thrown
items, no armour, multi-lived, clever 1, strong 1, (heat vulnerability 1)
0: Orb of Zot
}: 5/15 runes: barnacled, slimy, silver, golden, gossamer
a: Blinkbolt, Begin Untransformation, Renounce Religion, Evoke Blink, Recall
Undead Harvest


You escaped.
You worshipped Yredelemnul.
Yredelemnul was most pleased with you.
You were a lightning-filled tempest!
You visited 13 branches of the dungeon, and saw 59 of its levels.
You also visited: Desolation.

You collected 13580 gold pieces.
You spent 5306 gold pieces at shops.

Inventory:

Jewellery
 t - a ring of magical power
 H - an amulet of magic regeneration (around neck)
 K - the ring of the Final Chapter (left paw) {+Blink rElec rF+ Str+4}
   (You took it off a spriggan defender on level 3 of the Depths)

   [ring of protection from fire]

   Str+4:     It affects your strength (+4).
   rF+:       It protects you from fire.
   rElec:     It insulates you from electricity.
   +Blink:    It lets you blink.
 M - a ring of positive energy
 U - the ring of Moderation (right paw) {*Corrode rF+ rN+ Int+5 Dex-4}
   (You found it on level 2 of the Shoals)

   [ring of positive energy]

   Int+5:     It affects your intelligence (+5).
   Dex-4:     It affects your dexterity (-4).
   rF+:       It protects you from fire.
   rN+:       It protects you from negative energy.
   *Corrode:  It may corrode you when you take damage.
Talismans
 B - a storm talisman (active)
 I - the serpent talisman "Mook" {rN++ Str+3 Int+3}
   (You took it off Aizul on level 4 of the Shoals)

   [serpent talisman]

   Str+3:     It affects your strength (+3).
   Int+3:     It affects your intelligence (+3).
   rN++:      It greatly protects you from negative energy.
 L - a talisman of death
 Y - a granite talisman
Wands
 c - a wand of digging (37)
 e - a wand of polymorph (24)
 q - a wand of iceblast (50)
 v - a wand of flame (125)
 D - a wand of mindburst (41)
 N - a wand of paralysis (87)
 S - a wand of quicksilver (33)
Scrolls
 b - 11 scrolls of teleportation
 f - 2 scrolls of fear
 h - 9 scrolls of vulnerability
 i - 4 scrolls of immolation
 k - 2 scrolls of amnesia
 w - 4 scrolls of torment
 y - 4 scrolls of noise
 z - 9 scrolls of poison
 A - 9 scrolls of fog
Potions
 a - 2 potions of magic
 d - a potion of brilliance
 g - 6 potions of enlightenment
 m - a potion of haste
 n - 10 potions of lignification
 o - 17 potions of mutation
 p - 6 potions of ambrosia
 r - 9 potions of attraction
 u - 5 potions of cancellation
 x - 5 potions of heal wounds
 E - 2 potions of might
 J - 8 potions of curing
 P - 2 potions of berserk rage
 Q - a potion of invisibility
 R - a potion of resistance
Miscellaneous
 j - a phantom mirror
 s - a figurine of a ziggurat
 C - a phial of floods
 F - a tin of tremorstones (1/2)
 G - a box of beasts
 O - a lightning rod (4/4)


   Skills:
 + Level 20.9 Fighting
 - Level 19.0 Dodging
 - Level 2.6 Stealth
 + Level 16.5 Unarmed Combat
 - Level 20.5 Spellcasting
 - Level 5.0 Hexes
 - Level 24.0 Summonings
 + Level 15.1 Translocations
 - Level 3.0 Transmutations
 - Level 3.0 Fire Magic
 - Level 7.0 Air Magic
 - Level 6.8 Earth Magic
 - Level 5.0 Poison Magic
 - Level 16.0 Invocations
 - Level 9.0 Evocations
 - Level 25.0 Shapeshifting


You had 3 spell levels left.
You knew the following spells:

 Your Spells              Type           Power      Damage    Failure   Level
a - Summon Forest         Summ/Tloc      53%        N/A       0%          5
b - Summon Mana Viper     Hex/Summ       95%        N/A       1%          5
c - Borgnjor's Vile Clut  Necr/Erth      28%        N/A       6%          5
d - Summon Guardian Gole  Hex/Summ       95%        N/A       0%          3
e - Passwall              Tmut/Erth      52%        N/A       1%          2
f - Poisonous Vapours     Pois/Air       100%       N/A       1%          2
g - Passage of Golubria   Tloc           97%        N/A       0%          4
h - Summon Hydra          Summ           58%        N/A       1%          7
i - Tukima's Dance        Hex            63%        N/A       1%          3
j - Summon Cactus Giant   Summ           58%        N/A       0%          6
k - Ignite Poison         Fire/Tmut/Pois 57%        N/A       1%          3
l - Olgreb's Toxic Radia  Pois           63%        N/A       1%          4
m - Dragon's Call         Summ           58%        N/A       4%          9
n - Blink                 Tloc           100%       N/A       0%          2
o - Manifold Assault      Tloc           97%        N/A       0%          4

Your spell library contained the following spells:

 Spells                   Type           Power      Damage    Failure   Level
 Apportation              Tloc           100%       N/A       0%          1
 Summon Small Mammal      Summ           100%       N/A       0%          1
 Call Imp                 Summ           100%       N/A       0%          2
 Lesser Beckoning         Tloc           100%       N/A       0%          2
 Call Canine Familiar     Summ           100%       N/A       0%          3
 Gell's Gravitas          Tloc           97%        N/A       0%          3
 Teleport Other           Tloc           97%        N/A       0%          3
 Freeze                   Ice            100%       1d10      1%          1
 Kiss of Death            Conj/Necr      100%       2d13      1%          1
 Magic Dart               Conj           100%       1d8       1%          1
 Necrotise                Necr           100%       1d9       1%          1
 Sandblast                Erth           100%       2d20      1%          1
 Shock                    Conj/Air       100%       1d9       1%          1
 Sting                    Tmut/Pois      100%       1d8       1%          1
 Cigotuvi's Dreadful Rot  Necr/Pois/Air  100%       N/A       1%          2
 Ensorcelled Hibernation  Hex/Ice        100%       N/A       1%          2
 Jinxbite                 Hex            100%       N/A       1%          2
 Momentum Strike          Conj/Tloc      100%       3d10      1%          2
 Scorch                   Fire           100%       2d9       1%          2
 Searing Ray              Conj           70%        2d7       1%          2
 Static Discharge         Conj/Air       100%       3-8/arc   1%          2
 Wereblood                Tmut           54%        N/A       1%          2
 Confusing Touch          Hex            63%        N/A       1%          3
 Dazzling Flash           Conj/Hex       100%       N/A       1%          3
 Inner Flame              Hex/Fire       59%        N/A       1%          3
 Mephitic Cloud           Conj/Pois/Air  59%        N/A       1%          3
 Stone Arrow              Conj/Erth      100%       3d13      1%          3
 Swiftness                Air            71%        N/A       1%          3
 Volatile Blastmotes      Fire/Tloc      100%       2d18      1%          3
 Frozen Ramparts          Ice            70%        1d11      2%          3
 Hailstorm                Conj/Ice       35%        3d9       2%          3
 Ozocubu's Armour         Ice            35%        N/A       2%          3
 Vampiric Draining        Necr           35%        2d8       2%          3
 Summon Lightning Spire   Summ/Air       98%        N/A       0%          4
 Airstrike                Air            35%        2d(6-22)  1%          4
 Brom's Barrelling Bould  Conj/Erth      56%        2d7       1%          4
 Cause Fear               Hex            31%        N/A       1%          4
 Iskenderun's Mystic Bla  Conj/Tloc      73%        2d15      1%          4
 Leda's Liquefaction      Hex/Erth       33%        N/A       1%          4
 Petrify                  Tmut/Erth      63%        N/A       1%          4
 Summon Ice Beast         Ice/Summ       88%        N/A       1%          4
 Vhi's Electric Charge    Tloc/Air       100%       N/A       1%          4
 Lee's Rapid Deconstruct  Erth           35%        3d18*     1%          5
 Silence                  Hex/Air        33%        N/A       1%          5
 Monstrous Menagerie      Summ           58%        N/A       1%          7
 Anguish                  Hex/Necr       26%        N/A       3%          4
 Fulminant Prism          Conj/Hex       26%        3d14      3%          4
 Flame Wave               Conj/Fire      46%        2d12      4%          4
 Sticky Flame             Conj/Fire      46%        2d6       4%          4
 Alistair's Intoxication  Tmut/Pois      39%        N/A       4%          5
 Arcjolt                  Conj/Air       28%        1d38      5%          5
 Haunt                    Necr/Summ      44%        N/A       5%          7
 Spellforged Servitor     Conj/Summ      44%        N/A       5%          7
 Dispel Undead            Necr           35%        3d15      9%          4
 Freezing Cloud           Conj/Ice/Air   25%        6-21      9%          5
 Metabolic Englaciation   Hex/Ice        26%        N/A       9%          5
 Disjunction              Tloc           48%        N/A       11%         8
 Fireball                 Conj/Fire      23%        3d11      13%         5
 Irradiate                Conj/Tmut      23%        3d19      13%         5
 Plasma Beam              Fire/Air       31%        2x1d44    17%         6
 Agony                    Necr           35%        N/A       24%         5
 Iskenderun's Battlesphe  Conj           35%        2d9       24%         5
 Eringya's Noxious Bog    Tmut/Pois      29%        4d6       26%         6
 Conjure Ball Lightning   Conj/Air       28%        3x3d8     30%         6
 Bombard                  Conj/Erth      28%        9d5       32%         6
 Starburst                Conj/Fire      23%        6d8       56%         6
 Maxwell's Capacitive Co  Air            35%        ∞         97%         8
 Ozocubu's Refrigeration  Ice            17%        4d11      100%        7
 Borgnjor's Revivificati  Necr           17%        N/A       100%        8
 Discord                  Hex            31%        N/A       100%        8
 Lehudib's Crystal Spear  Conj/Erth      28%        10d7      100%        8
 Chain Lightning          Conj/Air       28%        3d38      100%        9
 Death's Door             Necr           17%        N/A       100%        9
 Fire Storm               Conj/Fire      23%        8d6       100%        9
 Polar Vortex             Ice            17%        12d2*     100%        9
 Shatter                  Erth           35%        3d28*     100%        9
 Sublimation of Blood     Necr           Unusable   N/A       N/A         2
 Animate Armour           Summ/Erth      Unusable   N/A       N/A         4
 Dimensional Bullseye     Hex/Tloc       Unusable   N/A       N/A         4
 Death Channel            Necr           Unusable   N/A       N/A         6
 Simulacrum               Ice/Necr       Unusable   N/A       N/A         6

Dungeon Overview and Level Annotations

Branches:
Dungeon (15/15)            Temple (1/1) D:5            Lair (5/5) D:10
 Shoals (4/4) Lair:2       Spider (4/4) Lair:2        Slime (5/5) Lair:5
    Orc (2/2) D:10            Elf (3/3) Orc:2        Vaults (5/5) D:14
  Crypt (3/3) Vaults:3       Tomb (3/3) Crypt:3      Depths (4/4) D:15
    Zot (5/5) Depths:4    Desolation (visited)

Altars:
Ashenzari
Cheibriados
Dithmenos
Elyvilon
Fedhas
Gozag
Hepliaklqana
Kikubaaqudgha
Makhleb
Nemelex Xobeh
Okawaru
Qazlal
Ru
Sif Muna
Trog
Uskayaw
Vehumet
Wu Jian
Xom
Yredelemnul
Zin
The Shining One
Jiyva

Shops:
D:4 *   D:15 :   Orc:2 ([=*=:![   Elf:1 [   Elf:3 *   Shoals:2 =   Vaults:4 :
Zot:3 *   Depths:1 *   Depths:2 (   Depths:4 :

Portals:
Hell: Depths:1 Depths:2 Depths:3 Depths:4
Abyss: Depths:2 Depths:3
Pandemonium: Depths:2 Depths:3 Depths:4
Ziggurat: Depths:3

Annotations:
Lair:5 exclusion: obsidian statue
Elf:1 6 runed translucent doors
Elf:2 exclusion: door
Crypt:1 exclusion: downstairs
Crypt:3 exclusion: upstairs


Innate Abilities, Weirdness & Mutations

You are a lightning-filled tempest!
Your electrical attacks strike out in all directions at once.
You are incredibly evasive.
Your insubstantial body is immune to petrification, constriction, and being set on fire You are flying.
You are immune to poison.
((You have sharp claws.))
((You have razor-sharp teeth.))
You have supernaturally acute eyesight. (SInv)
((You cover ground quickly. (Speed+)))
((Your thick and shaggy fur keeps you warm. (AC +3, rC+)))
((Your paws help you pounce on unaware monsters.))
You are incapable of wielding weapons or throwing items.
You cannot wear armour.
You gain extra lives every three experience levels.
Your mind is acute. (Int +4, Str/Dex -1)
Your muscles are strong. (Str +4, Int/Dex -1)
((You are vulnerable to heat. (rF-)))


Message History

Azuaruet hits your cactus giant!! Azuaruet burns your cactus giant!
Your dryad barely misses Azuaruet.
Your fire dragon breathes flames at Azuaruet.
The blast of flame hits Azuaruet!
Azuaruet resists.
Training target 19.0 for Dodging reached!
Your Dodging skill increases to level 19!
Unknown command.
Unknown command.
A dragon arrives to answer your call!
The trees move their gnarly branches around.
A tree reaches out and hits Azuaruet!
Azuaruet hits your dryad.
Your dryad resists with almost no effort.
Azuaruet gestures at your dryad.
The bolt of dispelling energy hits your dryad!!
Your cactus giant hits Azuaruet with a +0 giant spiked club!!
Your fire dragon bites Azuaruet.
Your fire dragon claws Azuaruet but does no damage.
Your fire dragon tramples Azuaruet!
Azuaruet holds its ground!
Your dryad hits Azuaruet but does no damage.
Your quicksilver dragon bites Azuaruet!
Your quicksilver dragon claws Azuaruet.
Your shadow dragon is engulfed in a cloud of scalding steam.
Your shadow dragon bites Azuaruet!
Azuaruet dies!
Unknown command.
Unknown command.
Unknown command.
Your shadow dragon is engulfed in a cloud of scalding steam.
Unknown command.
The forest calms down.
Your fire dragon disappears in a puff of smoke!
Your quicksilver dragon disappears in a puff of smoke!
There is a large open door here.
There is an open door here.
Space becomes stable.
There is an open door here.
Okay, then.
There is a staircase leading out of the dungeon here.
You reach down and close the door.
There is a staircase leading out of the dungeon here.
You have escaped!

#........# #..# #..#
####... #........#
##.########.###....##
#........#
#..........##.......
#........#
#♣.♣#''##..##.......
#........#
♣8♣#...#P.##.......
##########
♣♣♣#(♣.#P.##.......
#...#P⌠##.......
#####'#####.......
#v.#C..# #.......
#..+.### #.......
###### #.......
#....... #.......
#....... #.......
#....... ########


There were no monsters in sight!

Vanquished Creatures
  the Royal Jelly (Slime:5)
  2 juggernauts (Depths:3)
  A royal mummy (Tomb:3)
  Margery (Depths:3)
  A curse toe (Zot:4)
  Nikola (Vaults:2)
  A golden dragon (Zot:1)
  An electric golem (Zot:1)
  2 tentacled monstrosities
  2 Orb Guardians (Zot:5)
  3 quicksilver dragons
  A deep elf master archer (Elf:3)
  A deep elf blademaster (Elf:3)
  5 acid blobs (Slime:5)
  3 sphinxes
  4 death cobs
  3 tengu reavers
  5 storm dragons
  3 azure jellies
  2 draconian knights
  6 frost giants
  6 deep elf sorcerers
  5 deep elf elementalists
  A spectral tentacled monstrosity (Zot:1)
  10 vault wardens
  An orc warlord (Vaults:2)
  3 draconian shifters
  7 ironbound preservers
  A draconian annihilator (Zot:4)
  3 very ugly things (Depths:3)
  4 ironbound thunderhulks
  A broodmother (Spider:3)
  A draconian stormcaller (Zot:5)
  8 stone giants
  A quicksilver ooze (Slime:5)
  4 deep elf demonologists
  4 black draconians
  A dire elephant (shapeshifter) (Elf:2)
  A green draconian (Zot:1)
  4 purple draconians
  6 white draconians
  4 deep elf annihilators
  3 red draconians
  4 yellow draconians
  A bennu (Tomb:3)
  A spark wasp (Spider:3)
  5 ettins
  5 merfolk javelineers
  5 merfolk impalers
  An entropy weaver (Vaults:3)
  A servant of whispers (Desolation)
  8 great orbs of eyes
  8 yaktaur captains
  30 vault guards
  2 spriggan air magi (Depths:4)
  4 deep elf high priests
  2 ragged hierophants (Desolation)
  A spectral tengu (Vaults:5)
  An ogre mage (Vaults:5)
  A merfolk avatar (Shoals:2)
  5 centaur warriors
  2 two-headed ogres (Vaults:5)
  An alligator snapping turtle (Shoals:2)
  10 ironbound frosthearts
  5 merfolk aquamancers (Shoals:4)
  6 boulder beetles
  5 death yaks (Lair:1)
  A satyr (Shoals:3)
  11 deep troll earth magi
  A death scarab (Tomb:2)
  2 deep troll shamans
  A demonic crawler (Spider:4)
  An orc high priest (Orc:2)
  A tengu warrior (Depths:2)
  8 deep elf knights
  A spriggan berserker (Depths:4)
  A hell knight (Vaults:5)
  A spectral death yak (Lair:1)
  7 orb spiders
  4 glowing orange brains
  9 sea snakes
  2 phantasmal warriors (Vaults:5)
  A lindwurm (shapeshifter) (Vaults:4)
  15 ironbound convokers
  An arcanist (Vaults:4)
  26 deep trolls
  7 deep elf archers
  An orb spider (shapeshifter) (Elf:1)
  12 deep elf pyromancers
  3 orc knights
  4 steelbarb worms
  3 lindwurms (Vaults:2)
  3 orc sorcerers (Elf:1)
  11 deep elf zephyrmancers
  A nameless horror (Zot:1)
  7 ugly things
  5 fauns
  11 moths of wrath
  A death scarab zombie (Tomb:2)
  8 wolf spiders
  5 manticores
  3 shining eyes
  5 merfolk sirens
  An elephant (Lair:1)
  12 vault sentinels
  5 torpor snails
  A black mamba (Lair:1)
  2 water nymphs (Shoals:4)
  An eye of devastation (Slime:5)
  A torpor snail (shapeshifter) (Vaults:5)
  2 unseen horrors (Depths:2)
  A cane toad (Lair:1)
  23 yaktaurs
  2 guardian mummies
  A komodo dragon (Lair:1)
  5 wind drakes
  5 meliai (Depths:3)
  A troll (D:10)
  A merfolk (shapeshifter) (Vaults:2)
  24 merfolk
  21 tarantellas
  A human zombie (Vaults:5)
  3 raiju (Zot:2)
  6 snapping turtles
  3 blink frogs
  A glass eye (Slime:5)
  2 dream sheep (Shoals:1)
  A flying skull (Tomb:2)
  25 jumping spiders
  A spriggan (Lair:1)
  13 culicivoras
  A slime creature (D:8)
  53 redbacks
  A basilisk (Lair:1)
  A vampire mosquito (D:10)
  A water moccasin (Lair:1)
  A spectral spriggan (Lair:1)
  3 orc warriors
  2 ogres
  3 boggarts (Vaults:1)
  3 wolves (Lair:1)
  A kobold brigand (D:10)
  A komodo dragon zombie (Lair:2)
  A spectral water moccasin (Lair:1)
  A wolf zombie (Lair:1)
  A basilisk zombie (Lair:1)
  2 orc priests
  An orc wizard (D:8)
  6 mummies
  2 gnolls (D:10)
  An ufetubus (D:7)
  20 orcs
  A giant cockroach (D:1)
  A gnoll zombie (D:10)
  A hobgoblin (D:1)
  3 quokkas (D:1)
  An orc zombie (Orc:1)
704 creatures vanquished.

Vanquished Creatures (collateral kills)
  2 orbs of fire
  3 dread liches
  Khufu (Tomb:3)
  2 ancient liches
  Mara (Shoals:4)
  27 royal mummies
  Sojobo (Crypt:1)
  A Killer Klown (Zot:1)
  Vv (Depths:3)
  2 caustic shrikes (Depths:3)
  A curse toe (Zot:2)
  8 golden dragons
  A pandemonium lord (D:1)
  Norris (Depths:1)
  A bone dragon (Crypt:3)
  The ghost of Yhagabbo the Devastator, an adept DrCj of Sif Muna (Vaults:4)
  2 doom hounds (Depths:3)
  3 electric golems (Zot:1)
  2 walking earthen tomes (Depths:3)
  A Brimstone Fiend (Zot:2)
  9 Orb Guardians
  12 tentacled monstrosities
  8 liches
  Grunn (Depths:3)
  Jorgrun (Orc:2)
  9 quicksilver dragons
  A deep elf master archer (Elf:3)
  A Hell Sentinel (D:4)
  Polyphemus (Shoals:2)
  3 titans
  3 walking frostbound tomes (Depths:3)
  An Executioner (D:1)
  8 ancient champions
  5 death cobs
  14 sphinxes
  A kraken (Shoals:2)
  A sphinx (shapeshifter) (Zot:2)
  23 acid blobs
  5 shadow dragons
  Frances (Spider:2)
  11 storm dragons
  11 azure jellies
  4 tengu reavers
  5 draconian monks
  2 daevas
  7 revenants
  A fenstrider witch (Shoals:1)
  Donald (Spider:2)
  7 fire giants
  A fire giant (shapeshifter) (Vaults:5)
  Aizul (Shoals:4)
  13 rockslimes
  3 deep elf sorcerers (Elf:3)
  2 iron dragons (Vaults:5)
  10 draconian knights
  8 vault wardens
  5 emperor scorpions
  11 frost giants
  3 balrugs
  9 draconian scorchers
  8 draconian shifters
  Louise (Spider:2)
  2 angels
  5 deep elf elementalists
  6 ghost moths
  3 ghouls (Crypt:3)
  2 curse skulls (Crypt:3)
  A juggernaut zombie (Tomb:1)
  2 spriggan defenders (Depths:3)
  6 draconian stormcallers
  5 war gargoyles
  A broodmother (Spider:4)
  6 ironbound preservers
  2 ironbound thunderhulks
  4 reapers
  9 green draconians
  13 quicksilver oozes
  6 stone giants
  8 vampire knights
  6 draconian annihilators
  12 very ugly things
  9 formless jellyfish
  12 black draconians
  7 bennus
  A black draconian (shapeshifter) (Zot:2)
  3 deep elf demonologists
  8 yellow draconians
  A white draconian (shapeshifter) (Zot:2)
  13 red draconians
  A purple draconian (shapeshifter) (Zot:2)
  18 purple draconians
  7 deep elf annihilators
  6 dire elephants
  4 spark wasps
  3 white draconians
  7 eidola
  6 ettins
  19 mummy priests
  3 crystal guardians
  A green death (Crypt:1)
  5 deep elf death magi
  Josephine (Spider:1)
  3 fire dragons
  6 merfolk impalers
  A spriggan zombie (Tomb:1)
  3 rakshasas
  5 yaktaur captains
  2 servants of whispers (Desolation)
  A deep elf high priest (Elf:3)
  5 jiangshi
  The ghost of javelincjr the Summoner, a journeyman OpSu of Sif Muna (Lair:1)
  9 great orbs of eyes
  2 entropy weavers (Spider:2)
  8 peacekeepers
  A jorogumo (Spider:3)
  5 hydras
  12 ice dragons
  A spriggan air mage (Depths:1)
  An ogre mage (D:15)
  7 vault guards
  A spriggan skeleton (Crypt:3)
  Erica (Lair:2)
  5 boulder beetles
  A merfolk avatar (Shoals:4)
  2 catoblepae
  8 two-headed ogres
  3 alligator snapping turtles
  2 merfolk aquamancers (Shoals:4)
  8 centaur warriors
  3 ironbound frosthearts
  6 deep troll earth magi
  6 deep troll shamans
  A satyr (Shoals:3)
  10 dancing weapons
  90 death scarabs
  14 death yaks
  A death knight (Zot:2)
  A fenstrider witch skeleton (Tomb:2)
  9 demonic crawlers
  5 tengu warriors
  Urug (Lair:1)
  8 vampire magi
  4 hell hogs (Depths:3)
  A quicksilver ooze zombie (Crypt:2)
  2 spriggan berserkers (Depths:3)
  10 hell knights
  Nergalle (Lair:2)
  5 deep elf knights
  3 shadow wraiths
  A soul eater (Crypt:1)
  A sun demon (Depths:4)
  4 skysharks
  A titan skeleton (Tomb:1)
  6 pharaoh ants
  17 skeletal warriors
  A spectral death yak (Lair:5)
  2 goliath frogs
  A spectral anaconda (Lair:5)
  7 iron trolls
  25 deep trolls
  An anaconda zombie (Tomb:2)
  6 sea snakes
  4 sun moths
  3 glowing orange brains
  4 flayed ghosts
  6 orb spiders
  2 ironbound convokers
  An orange crystal statue (Shoals:2)
  5 deep elf archers
  A kraken simulacrum (Shoals:4)
  9 phantasmal warriors
  A bog body (Crypt:3)
  5 steelbarb worms
  8 orc knights
  5 necromancers
  3 arcanists
  Pikel (D:7)
  An anaconda skeleton (Tomb:2)
  A fire giant zombie (Crypt:1)
  7 deep elf zephyrmancers
  A harpy (shapeshifter) (D:15)
  8 shining eyes
  6 deep elf pyromancers
  35 harpies
  4 oklob plants
  5 fauns
  6 orc sorcerers
  14 wolf spiders
  21 ugly things
  A moth of wrath (shapeshifter) (Vaults:2)
  5 manticores
  9 elephants
  11 moths of wrath
  12 cyclopes
  A merfolk siren (Shoals:4)
  16 nameless horrors
  A molten gargoyle (Desolation)
  3 vault sentinels
  3 black mambas
  9 eyes of devastation
  A dire elephant zombie (Lair:5)
  2 elephant slug zombies (Crypt:3)
  2 water nymphs
  A centaur zombie (Tomb:2)
  4 guardian serpents (Zot:2)
  20 cane toads
  A centaur skeleton (Crypt:3)
  A torpor snail (Spider:1)
  2 smoke demons
  2 dire elephant skeletons
  A white draconian zombie (Crypt:1)
  3 rime drakes
  An unseen horror zombie (Crypt:1)
  2 unseen horrors
  4 yaktaurs
  2 efreet
  A red draconian zombie (Zot:2)
  A yaktaur (shapeshifter) (Vaults:5)
  5 tengu conjurers
  A yellow draconian skeleton (Crypt:2)
  7 komodo dragons
  3 freezing wraiths
  46 guardian mummies
  A meliai (Spider:4)
  14 merfolk
  3 harpy zombies
  A wind drake (Shoals:4)
  7 trolls
  2 hornets
  A great orb of eyes zombie (Crypt:2)
  9 tarantellas
  4 polar bears (Lair:2)
  3 raiju (Zot:2)
  31 blink frogs
  10 dream sheep
  27 saltlings
  4 glass eyes
  An ettin zombie (Tomb:1)
  A snapping turtle (Shoals:4)
  2 human simulacra (Vaults:1)
  An elf zombie (Vaults:1)
  A boulder beetle zombie (Crypt:1)
  An ettin skeleton (Vaults:1)
  13 jumping spiders
  38 flying skulls
  Sigmund (D:4)
  15 culicivoras
  5 air elementals
  A black mamba zombie (Tomb:1)
  A merfolk skeleton (Crypt:3)
  130 slime creatures
  17 ushabtiu
  6 hogs
  4 wyverns
  9 wraiths
  A yak (shapeshifter) (D:13)
  A shadow (D:12)
  A vampire (D:11)
  19 yaks
  6 fire elementals
  20 water elementals
  4 basilisks
  4 golden eyes (Slime:1)
  A wind drake skeleton (Crypt:1)
  33 redbacks
  3 steam dragons
  3 chaos spawn
  A golden eye (shapeshifter) (Crypt:1)
  A deep troll zombie (Vaults:2)
  2 wargs
  5 swamp worms (Lair:4)
  An acid dragon (shapeshifter) (Vaults:5)
  15 vampire mosquitoes
  A cane toad zombie (Lair:4)
  2 death yak simulacra (Lair:5)
  A spectral cane toad (Lair:5)
  10 water moccasins
  A two-headed ogre skeleton (Crypt:2)
  A swamp drake (Lair:4)
  9 orc warriors
  A sky beast (D:8)
  4 large abominations
  9 black bears
  3 elephant zombies
  7 ogres
  An ogre (shapeshifter) (Vaults:5)
  2 boggarts
  2 elephant skeletons (Lair:5)
  9 small abominations
  23 wolves
  6 centaurs
  A lindwurm skeleton (Crypt:2)
  A phantom (Crypt:1)
  A yaktaur zombie (Vaults:5)
  13 bullfrogs
  A kobold brigand (D:9)
  5 necrophages (Crypt:3)
  2 earth elementals (Elf:1)
  2 gnoll sergeants (D:10)
  5 scorpions
  A cane toad simulacrum (Lair:5)
  28 killer bees
  2 elephant simulacra (Lair:5)
  A wolf zombie (Crypt:3)
  6 howler monkeys
  A jelly (D:7)
  4 orc priests
  3 iron imps (D:5)
  Jessica (D:2)
  A basilisk zombie (Crypt:1)
  7 iguanas
  Ijyb (D:4)
  A hell rat (Crypt:1)
  A sleepcap (D:4)
  13 orc wizards
  A statue (D:5)
  2 tengu zombies (Crypt:3)
  An ice beast zombie (Crypt:2)
  A naga skeleton (Crypt:3)
  44 mummies
  13 gnolls
  5 adders
  A white imp (D:4)
  An ufetubus (D:6)
  An iguana skeleton (Crypt:3)
  4 worms
  43 orcs
  6 ball pythons
  7 bats
  6 endoplasms
  4 giant cockroaches
  6 goblins
  8 hobgoblins
  3 jackals (D:3)
  13 kobolds
  A quokka (D:3)
  8 frilled lizards
  A goblin skeleton (Crypt:2)
  A hobgoblin skeleton (Crypt:1)
  3 orc zombies
  5 rats
  A butterfly (Zot:2)
2106 creatures vanquished.

Vanquished Creatures (others)
  A spectral angel (Zot:5)
  A spectral doom hound (Depths:3)
  spectral Arachne (Spider:4)
  A fire giant (Depths:3)
  A spectral titan (Vaults:5)
  4 spectral tentacled monstrosities
  A spectral draconian (Slime:5)
  A green draconian (Zot:2)
  2 spectral elves
  A spectral daeva (Depths:3)
  4 acid blob zombies
  6 quicksilver dragon zombies
  2 spriggan zombies (Depths:3)
  A spectral formless jellyfish (Crypt:1)
  3 sphinx zombies
  3 Orb Guardian zombies (Zot:5)
  2 bennu zombies
  A deep troll earth mage (Depths:2)
  A spectral balrug (Zot:2)
  2 azure jelly zombies
  A quicksilver ooze zombie (Slime:5)
  A titan zombie (Depths:3)
  5 storm dragon zombies
  A ghost moth zombie (Zot:2)
  4 golden dragon zombies
  2 very ugly thing zombies
  A spark wasp zombie (Depths:3)
  3 spectral humans
  A shadow dragon zombie (Vaults:5)
  2 wolf spider zombies
  7 ugly thing zombies
  4 frost giant zombies
  14 draconian zombies
  34 death scarab zombies
  2 stone giant zombies
  A spectral rakshasa (Zot:2)
  A dire elephant zombie (Elf:2)
  2 formless jellyfish zombies
  A spectral culicivora (Lair:4)
  2 red draconian zombies (Zot:1)
  6 purple draconian zombies (Zot:1)
  14 redback zombies
  A spectral swamp dragon (Lair:5)
  3 black draconian zombies
  4 sea snake zombies
  2 green draconian zombies
  2 death yak zombies
  2 orb spider zombies
  7 yaktaur zombies
  A swamp worm zombie (Lair:4)
  2 yellow draconian zombies
  3 white draconian zombies
  3 steelbarb worm zombies
  29 human zombies
  16 harpy zombies
  4 great orb of eyes zombies
  10 moth of wrath zombies
  A saltling (Desolation)
  A satyr zombie (Shoals:3)
  2 guardian serpent zombies (Zot:2)
  4 jumping spider zombies
  2 ice dragon zombies
  A black mamba zombie (Lair:3)
  2 ettin zombies
  2 fire dragon zombies
  3 tarantella zombies
  A boulder beetle zombie (Spider:1)
  2 meliai zombies
  A water elemental (Shoals:4)
  14 slime creature zombies
  2 dancing weapons (Orc:2)
  A wind drake zombie (Shoals:2)
  A vampire mosquito (D:10)
  4 two-headed ogre zombies
  8 ogre zombies
  A faun zombie (Shoals:3)
  18 deep troll zombies
  2 skyshark zombies (Depths:1)
  5 cane toad zombies
  A water nymph zombie (Shoals:4)
  2 spectral efreet
  A spectral smoke demon (Depths:4)
  A dream sheep zombie (Lair:5)
  2 manticore zombies
  10 blink frog zombies
  18 elf zombies
  6 merfolk zombies
  2 hog zombies (Shoals:4)
  A torpor snail zombie (Vaults:5)
  A rime drake zombie (Lair:3)
  2 komodo dragon zombies
  2 spectral centaurs
  5 vampire mosquito zombies
  3 water moccasin zombies
  A wyvern zombie (Lair:2)
  2 polar bear zombies (Lair:2)
  4 tengu zombies
  4 raiju zombies (Zot:2)
  A yak zombie (D:10)
  A troll zombie (Orc:2)
  8 wolf zombies
  5 bullfrog zombies
  7 centaur zombies
  2 black bear zombies (Lair:2)
  A boggart zombie (Zot:2)
  A scorpion zombie (D:7)
  4 killer bee zombies
  An acid dragon zombie (Vaults:5)
  A boggart simulacrum (D:15)
  A howler monkey zombie (D:7)
  4 gnoll zombies
  2 steam dragon zombies
  An adder zombie (D:5)
  2 orcs (Elf:1)
  A giant cockroach zombie (Crypt:1)
  A kobold zombie (D:9)
  29 orc zombies
  A spectral ufetubus (D:7)
  21 snaplasher vines
  8 tentacles
486 creatures vanquished.

Grand Total: 3296 creatures vanquished

Notes
Turn   | Place    | Note
-------+----------+-------------------------------------------
     0 | D:1      | MrSquiggles the Felid Summoner began the quest for the Orb.
     0 | D:1      | Reached XP level 1. HP: 7/7 MP: 4/4
   732 | D:1      | Reached XP level 2. HP: 10/11 MP: 3/6
   974 | D:1      | Learned a level 2 spell: Call Imp
  1474 | D:1      | Found a faded altar of an unknown god.
  1680 | D:2      | Noticed Jessica
  1728 | D:2      | Killed Jessica
  1729 | D:2      | Reached skill level 5 in Summonings
  1729 | D:2      | Reached XP level 3. HP: 14/14 MP: 1/8
  1869 | D:2      | Learned a level 3 spell: Call Canine Familiar
  1928 | D:2      | Reached XP level 4. HP: 10/18 MP: 2/9
  2362 | D:2      | Learned a level 3 spell: Summon Guardian Golem
  3164 | D:2      | Identified the +0 leather armour of Xokegh {Contam rC+
                  | Str+2 Dex+2}
  3368 | D:3      | Reached skill level 1 in Hexes
  3372 | D:3      | Reached XP level 5. HP: 21/21 MP: 1/10
  3665 | D:3      | Identified the staff of Premature Burial {rN+ Str+9 Necro}
  3820 | D:3      | Found a broken altar of Ashenzari.
  4276 | D:3      | Found a sacrificial altar of Ru.
  4738 | D:4      | Found a shimmering altar of Xom.
  4738 | D:4      | Found a shimmering altar of Xom.
  4738 | D:4      | Found a shimmering altar of Xom.
  4742 | D:4      | Found a shimmering altar of Xom.
  4742 | D:4      | Found a shimmering altar of Xom.
  4771 | D:4      | Gained mutation: You are covered in thick fur. (AC +2)
                  | [Felid growth]
  4771 | D:4      | Reached XP level 6. HP: 24/24 MP: 4/12
  4808 | D:4      | Noticed Ijyb
  5324 | D:4      | Found an ornate altar of the Wu Jian Council.
  5355 | D:4      | Noticed Sigmund
  5379 | D:4      | Killed Sigmund
  5541 | D:4      | Found an opulent altar of Gozag.
  5544 | D:4      | Found Gozag's Platinum Reserve.
  5601 | D:4      | Reached XP level 7. HP: 27/27 MP: 6/14
  5841 | D:4      | Found a shimmering altar of Xom.
  5864 | D:4      | Killed Ijyb
  6292 | D:4      | Learned a level 4 spell: Summon Lightning Spire
  6293 | D:5      | Entered Level 5 of the Dungeon
  6775 | D:5      | Reached skill level 1 in Air Magic
  6870 | D:5      | Reached skill level 5 in Hexes
  7061 | D:5      | Found a staircase to the Ecumenical Temple.
  7091 | Temple   | Entered the Ecumenical Temple
  7106 | Temple   | Became a worshipper of Yredelemnul the Dark
  7173 | D:5      | Found a burning altar of Makhleb.
  7248 | D:5      | Reached XP level 8. HP: 28/31 MP: 11/15
  7261 | D:5      | Reached * piety under Yredelemnul
  7435 | D:5      | Found a radiant altar of Vehumet.
  7517 | D:5      | Found a snail-covered altar of Cheibriados.
  7517 | D:5      | Found a white marble altar of Elyvilon.
  7517 | D:5      | Found an ancient bone altar of Kikubaaqudgha.
  7816 | D:6      | Identified the +1 leather armour of Spaghetti {rElec rPois
                  | rF+}
  8100 | D:6      | Found a glowing silver altar of Zin.
  8387 | D:6      | Found a hide-covered altar of Uskayaw.
  8597 | D:7      | Reached skill level 5 in Spellcasting
  8834 | D:7      | Noticed Pikel
  8854 | D:7      | Killed Pikel
  8949 | D:7      | Reached XP level 9. HP: 34/34 MP: 9/18
  9549 | D:8      | Identified the "Nurer"
  9549 | D:8      | Found an iron altar of Okawaru.
  9764 | D:8      | Reached ** piety under Yredelemnul
  9792 | D:8      | Reached skill level 10 in Summonings
  9805 | D:8      | Reached skill level 5 in Air Magic
  9950 | D:8      | Reached *** piety under Yredelemnul
 10449 | D:8      | Reached **** piety under Yredelemnul
 10689 | D:8      | Found a stormy altar of Qazlal.
 10724 | D:9      | Noticed a troll
 10890 | D:9      | Reached XP level 10. HP: 37/37 MP: 16/22
 11250 | D:9      | Reached skill level 1 in Invocations
 11994 | D:10     | Entered Level 10 of the Dungeon
 12048 | D:10     | Found a staircase to the Lair.
 12522 | D:10     | Reached XP level 11. HP: 27/40 MP: 2/25
 12574 | D:10     | Learned a level 2 spell: Poisonous Vapours
 12578 | D:10     | Learned a level 3 spell: Mephitic Cloud
 12653 | D:10     | Found a hazy altar of Hepliaklqana.
 12662 | D:10     | Found a blossoming altar of Fedhas.
 12708 | D:10     | Reached skill level 10 in Spellcasting
 12992 | D:10     | Found a staircase to the Orcish Mines.
 13485 | Lair:1   | Entered Level 1 of the Lair of Beasts
 13485 | Lair:1   | Noticed Urug
 13494 | Lair:1   | Hit by a javelin thrown by Urug
 13495 | Lair:1   | Noticed a death yak
 13495 | Lair:1   | Noticed a death yak
 13495 | Lair:1   | Noticed a death yak
 13495 | Lair:1   | Noticed a death yak
 13495 | Lair:1   | Noticed a death yak
 13505 | Lair:1   | Killed a death yak
 13507 | Lair:1   | Killed a death yak
 13508 | Lair:1   | Killed a death yak
 13508 | Lair:1   | Killed by an exploding elephant... ignited by their inner
                  | flame
 13508 | Lair:1   | Killed a death yak
 13509 | Lair:1   | Reached skill level 5 in Invocations
 13509 | Lair:1   | Killed a death yak
 13744 | Lair:1   | Found a runed translucent door.
 13744 | Lair:1   | Noticed javelincjr's ghost (journeyman OpSu)
 13883 | Lair:1   | Gained mutation: Your thick and shaggy fur keeps you warm.
                  | (AC +3, rC+) [Felid growth]
 13883 | Lair:1   | Reached XP level 12. HP: 44/44 MP: 9/28
 14140 | Lair:1   | Killed Urug
 15634 | Lair:1   | Killed javelincjr's ghost
 15641 | Lair:1   | Identified the +1 robe "Ledaex" {Str+4}
 16110 | Lair:2   | Noticed Erica
 16116 | Lair:2   | Found a hole to the Spider Nest.
 16120 | Lair:2   | Killed Erica
 16133 | Lair:2   | Reached ***** piety under Yredelemnul
 16144 | Lair:2   | Found a staircase to the Shoals.
 16304 | Lair:2   | Noticed a seven-headed hydra
 16323 | Lair:2   | Killed a seven-headed hydra
 16600 | Lair:2   | Noticed Nergalle
 16728 | Lair:2   | Killed Nergalle
 17034 | Lair:2   | Noticed a five-headed hydra
 17045 | Lair:2   | Killed a five-headed hydra
 17046 | Lair:2   | Reached XP level 13. HP: 18/47 MP: 21/30
 17048 | Lair:2   | HP: 2/47 [poisoned by a redback]
 17144 | Lair:2   | Reached ****** piety under Yredelemnul
 17786 | Lair:2   | Slain by a culicivora
 18333 | Lair:2   | Learned a level 7 spell: Summon Hydra
 19451 | Lair:3   | Learned a level 3 spell: Tukima's Dance
 21804 | Lair:4   | Identified the +5 dagger of War {pain, rElec rC- Str+6
                  | Stlth-}
 21878 | Lair:4   | Identified the +2 rapier "Jyk Haam" {freeze, +Blink rC++}
 21931 | Lair:4   | Reached skill level 15 in Summonings
 22028 | Lair:4   | Reached skill level 1 in Fighting
 23103 | Lair:5   | Entered Level 5 of the Lair of Beasts
 23379 | Lair:5   | Reached skill level 5 in Dodging
 23576 | Lair:5   | Reached XP level 14. HP: 55/55 MP: 21/32
 23973 | Lair:5   | Reached skill level 10 in Invocations
 24615 | Lair:5   | Found a runed translucent door.
 24715 | Lair:5   | Found a viscous altar of Jiyva.
 24716 | Lair:5   | Noticed an acid blob
 24717 | Lair:5   | Found a staircase to the Slime Pits.
 25124 | Lair:5   | Killed an acid blob
 25710 | Lair:5   | Mangled by a dire elephant
 26250 | Lair:5   | Reached skill level 5 in Fighting
 27792 | Orc:1    | Entered Level 1 of the Orcish Mines
 28132 | Orc:2    | Entered Level 2 of the Orcish Mines
 28199 | Orc:2    | Found Wulap's Antique Armour Emporium.
 28214 | Orc:2    | Found Voaxoekill's Weapon Boutique.
 28235 | Orc:2    | Found Kolieco's Jewellery Boutique.
 28363 | Orc:2    | Bought an amulet of magic regeneration for 330 gold pieces
 28363 | Orc:2    | Bought a ring of flight for 192 gold pieces
 28789 | Orc:2    | Found a staircase to the Elven Halls.
 28845 | Orc:2    | Found Vuecvoe's Assorted Antiques.
 29027 | Orc:2    | Found Goxki's Book Boutique.
 29134 | Orc:2    | Found Nufeajo's Antique Armour Shop.
 29136 | Orc:2    | Found Ruzatak's Distillery.
 29198 | Orc:2    | Noticed Jorgrun
 29215 | Orc:2    | Killed Jorgrun
 29378 | Orc:2    | Found Umeum's Jewellery Shoppe.
 29775 | Orc:2    | Bought the ring "Erig Jig" {rPois Int+3 Dex+3 SInv Stlth-}
                  | for 486 gold pieces
 29808 | Orc:2    | Bought a book of Scorching for 510 gold pieces
 29815 | Orc:2    | Learned a level 6 spell: Summon Cactus Giant
 29943 | Orc:2    | Found Nufeajo's Antique Armour Shop.
 29945 | Orc:2    | Found Ruzatak's Distillery.
 29975 | Orc:2    | Found Vuecvoe's Assorted Antiques.
 30009 | Orc:2    | Found a staircase to the Elven Halls.
 30045 | Orc:2    | Found Wulap's Antique Armour Emporium.
 30176 | Orc:2    | Found Kolieco's Jewellery Boutique.
 30203 | Orc:2    | Found Voaxoekill's Weapon Boutique.
 30409 | Orc:2    | Found Umeum's Jewellery Shoppe.
 30562 | Orc:1    | HP: 2/60 [orc warrior/+2 glaive of freezing (20)]
 30562 | Orc:1    | Slain by an orc warrior
 31029 | D:11     | Reached XP level 15. HP: 64/64 MP: 28/34
 31211 | D:11     | Found a glowing golden altar of the Shining One.
 32159 | D:12     | Noticed Psyche
 32527 | D:12     | Killed Psyche
 32527 | D:12     | Charmed Psyche
 32807 | D:13     | Your ally Psyche died
 33211 | D:13     | Reached skill level 10 in Dodging
 33593 | D:14     | Found a sacrificial altar of Ru.
 35003 | D:14     | Reached skill level 15 in Spellcasting
 35007 | D:14     | Found a gate to the Vaults.
 35436 | D:14     | Upgraded the game from 0.31-a0-983-g7b6862f502 to
                  | 0.31-a0-986-g5e6e4ef867
 35990 | D:15     | Entered Level 15 of the Dungeon
 37713 | D:15     | Found a staircase to the Depths.
 37886 | D:15     | Found Raimuuh's Book Shoppe.
 38089 | Orc:2    | Bought a Trismegistus Codex for 442 gold pieces
 38288 | D:15     | Bought a Young Poisoner's Handbook for 340 gold pieces
 38288 | D:15     | Bought a Fen Folio for 714 gold pieces
 38292 | D:15     | Learned a level 3 spell: Ignite Poison
 38297 | D:15     | Learned a level 4 spell: Olgreb's Toxic Radiance
 38304 | D:15     | Learned a level 5 spell: Summon Forest
 38494 | D:15     | Reached skill level 1 in Poison Magic
 38953 | Lair:3   | Reached skill level 1 in Transmutations
 39177 | Orc:2    | Bought a potion of curing for 36 gold pieces
 39321 | Spider:1 | Entered Level 1 of the Spider Nest
 39380 | Spider:1 | Reached skill level 1 in Fire Magic
 39551 | Spider:1 | Noticed an emperor scorpion
 39565 | Spider:1 | Killed an emperor scorpion
 39565 | Spider:1 | Charmed an emperor scorpion
 39676 | Spider:1 | Reached XP level 16. HP: 70/70 MP: 19/36
 39970 | Spider:1 | Noticed Josephine
 39975 | Spider:1 | Killed Josephine
 41540 | Spider:2 | Noticed Donald
 41546 | Spider:2 | Killed Donald
 41728 | Spider:2 | Noticed Frances
 41732 | Spider:2 | Killed Frances
 41776 | Spider:2 | Reached skill level 5 in Poison Magic
 41852 | Spider:2 | Noticed Louise
 41892 | Spider:2 | Killed Louise
 41990 | Spider:2 | Noticed Arachne
 42005 | Spider:2 | Killed Arachne
 42005 | Spider:2 | Charmed Arachne
 42049 | Spider:2 | Identified the +8 rapier of Big Damage {vamp, rF++ rN+
                  | Dex+5}
 44077 | Spider:3 | Reached XP level 17. HP: 62/75 MP: 3/39
 44921 | Spider:4 | Entered Level 4 of the Spider Nest
 45391 | Spider:4 | Your ally Arachne died
 45395 | Spider:4 | Reached skill level 10 in Fighting
 45604 | Spider:4 | Got a gossamer rune of Zot
 46171 | Shoals:1 | Entered Level 1 of the Shoals
 46855 | Shoals:1 | Identified the +6 battleaxe "Use Can" {heavy, rPois rCorr
                  | Dex-3}
 47346 | Shoals:2 | Found a transporter.
 47526 | Shoals:2 | Noticed a kraken
 47532 | Shoals:2 | Killed a kraken
 47907 | Shoals:2 | Found Ycaraz's Jewellery Shoppe.
 47981 | Shoals:2 | Found a transporter.
 47995 | Shoals:2 | Identified the +1 ring mail "Sigoin" {rN++}
 48509 | Shoals:2 | Reached XP level 18. HP: 40/81 MP: 3/41
 48580 | Shoals:2 | Identified the ring of Moderation {*Corrode rF+ rN+ Int+5
                  | Dex-4}
 49083 | Shoals:3 | Noticed Polyphemus
 49092 | Shoals:2 | Killed Polyphemus
 50549 | Shoals:4 | Identified the "Mihu Byopn"
 50549 | Shoals:4 | Entered Level 4 of the Shoals
 50680 | Shoals:4 | Identified the serpent talisman "Mook" {rN++ Str+3 Int+3}
 50680 | Shoals:4 | Noticed Aizul
 50689 | Shoals:4 | Killed Aizul
 50959 | Shoals:4 | Noticed Kirke
 50967 | Shoals:4 | Killed Kirke
 50967 | Shoals:4 | Charmed Kirke
 51225 | Shoals:4 | Noticed Mara
 51230 | Shoals:4 | Noticed MrSquiggles's illusion
 51266 | Shoals:4 | Killed Mara
 51687 | Shoals:4 | Identified the amulet of Fiustoig {Reflect rElec SH+5}
 51751 | Shoals:4 | Got a barnacled rune of Zot
 52053 | Vaults:5 | Identified the of Ineqiuzy
 52053 | Depths:3 | Identified the of Roav
 52053 | Elf:1    | Entered Level 1 of the Elven Halls
 52704 | Elf:1    | Paralysed by an air elemental for 1 turns
 52821 | Elf:1    | Reached XP level 19. HP: 69/87 MP: 14/43
 52914 | Elf:1    | Found a runed translucent gate.
 52914 | Elf:1    | Found a runed translucent gate.
 52914 | Elf:1    | Found a runed translucent gate.
 52914 | Elf:1    | Found a runed translucent gate.
 52914 | Elf:1    | Found a runed translucent gate.
 52915 | Elf:1    | Found a runed translucent gate.
 53158 | Elf:1    | Paralysed by an air elemental for 1 turns
 53650 | Elf:1    | Found Balen's Antique Armour Boutique.
 53889 | Desolati | Identified the "Yvas"
 53889 | Desolati | Identified the "Ibbaul"
 53889 | Desolati | Identified the "Falav"
 54019 | Elf:2    | Found a crumbling gateway.
 54048 | Desolati | Entered the Desolation of Salt
 54927 | Elf:2    | Paralysed by an air elemental for 1 turns
 54930 | Elf:2    | Paralysed by an air elemental for 1 turns
 55334 | Elf:2    | Your ally Kirke died
 55753 | Elf:3    | Identified the "Moremem"
 55753 | Elf:3    | Entered Level 3 of the Elven Halls
 56213 | Vaults:1 | Entered Level 1 of the Vaults
 59604 | Vaults:2 | Reached XP level 20. HP: 80/95 MP: 21/44
 59722 | Vaults:2 | Noticed Nikola
 59731 | Vaults:2 | Killed Nikola
 59860 | Vaults:2 | Found a transporter.
 59860 | Vaults:2 | Found the +18 Lear's hauberk
 59898 | Vaults:2 | Found a transporter.
 60964 | Vaults:2 | Identified the ring "Hoaduos" {rCorr AC+4}
 60999 | Vaults:2 | Identified the ring "Qol Gaul" {Wiz rN+}
 62480 | Vaults:3 | Reached skill level 15 in Fighting
 63104 | Vaults:3 | Found a staircase to the Crypt.
 63441 | Vaults:3 | Learned a level 9 spell: Dragon's Call
 64064 | Vaults:4 | Found a runed translucent gate.
 64064 | Vaults:4 | Found a runed translucent gate.
 64064 | Vaults:4 | Found a runed translucent gate.
 64067 | Vaults:4 | Noticed Yhagabbo's ghost (adept DrCj)
 64070 | Vaults:4 | Found a viscous altar of Jiyva.
 64595 | Vaults:4 | Reached XP level 21. HP: 102/102 MP: 35/45
 64938 | Vaults:4 | Found Buceacs's Book Boutique.
 65137 | Vaults:4 | Killed Yhagabbo's ghost
 65516 | Orc:2    | Bought a potion of enlightenment for 60 gold pieces
 65516 | Orc:2    | Bought a potion of magic for 96 gold pieces
 65516 | Orc:2    | Bought 2 potions of heal wounds for 120 gold pieces
 65540 | Orc:2    | Bought a potion of invisibility for 232 gold pieces
 65639 | Elf:3    | Paralysed by an air elemental for 1 turns
 65660 | Elf:3    | Identified the +0 pair of gloves of Suguigol {Harm *Corrode
                  | +Blink Dex-3}
 65723 | Elf:3    | Found Luinuhuo's Elven Fire.
 65739 | Elf:3    | Reached skill level 1 in Shapeshifting
 65942 | Elf:3    | Reached skill level 2 in Shapeshifting
 65981 | Elf:3    | Reached skill level 3 in Shapeshifting
 66030 | Elf:3    | Reached skill level 4 in Shapeshifting
 66036 | Elf:3    | Reached skill level 5 in Shapeshifting
 66044 | Elf:3    | Reached skill level 6 in Shapeshifting
 66108 | Elf:3    | Reached skill level 7 in Shapeshifting
 66761 | Elf:3    | Identified the +4 hand axe "Paef Rioweag" {holy, Will+}
 66763 | Elf:3    | Identified the +10 flail of Isatt {flame, SInv}
 66772 | Elf:3    | Identified the +0 plate armour of Honesty {rElec Int+4}
 66781 | Elf:3    | Identified the ring of Fiofun {+Blink Fly rElec rN+++
                  | Dex-5}
 66785 | Elf:3    | Reached skill level 8 in Shapeshifting
 66883 | Elf:3    | Identified a scroll of acquirement
 66928 | Elf:3    | Found the -2 hat of the Alchemist {rElec rPois rF+ rC+ rN+
                  | Will+ rMut rCorr}
 66929 | Elf:3    | Identified the amulet "Attysuabu" {Spirit Str+2}
 66932 | Elf:3    | Identified the staff of Jolou {+Blink rC+ rN+ Will- rCorr
                  | Necro}
 66967 | Elf:3    | Identified the +1 cloak "Ottivven" {-Tele Fly Str+3}
 67235 | Elf:3    | Found Luinuhuo's Elven Fire.
 68245 | Depths:1 | Entered Level 1 of the Depths
 68259 | Depths:1 | Noticed Norris
 68263 | Depths:1 | Killed Norris
 68266 | Depths:1 | Reached skill level 9 in Shapeshifting
 68539 | Depths:1 | Reached skill level 1 in Evocations
 68668 | Depths:1 | Found Notour's Hallowed Reliquary.
 68669 | Depths:1 | Found a glowing silver altar of Zin.
 68983 | Depths:1 | Found a gateway to Hell.
 69127 | Depths:1 | Reached skill level 10 in Shapeshifting
 69276 | Depths:1 | Found an ornate altar of the Wu Jian Council.
 69498 | Depths:1 | Found a gateway to Hell.
 69794 | Depths:1 | Found an ornate altar of the Wu Jian Council.
 70003 | Depths:2 | Found a basalt altar of Yredelemnul.
 70455 | Depths:2 | Found Pien's Antique Weapon Shop.
 70480 | Depths:2 | Reached skill level 11 in Shapeshifting
 70612 | Depths:2 | Reached XP level 22. HP: 72/106 MP: 38/46
 70741 | Depths:2 | Reached skill level 12 in Shapeshifting
 70805 | Depths:2 | Found a one-way gate leading to the halls of Pandemonium.
 70877 | Depths:2 | Found a one-way gate to the infinite horrors of the Abyss.
 71269 | Depths:2 | Identified the of Toyleipp (You acquired it on level 2 of
                  | the Depths)
 71269 | Depths:2 | Acquired 976 gold pieces
 71663 | Orc:2    | Bought a potion of haste for 290 gold pieces
 71663 | Orc:2    | Bought a potion of cancellation for 232 gold pieces
 71663 | Orc:2    | Bought a lightning rod (4/4) for 1160 gold pieces
 71833 | Depths:1 | Bought a potion of curing for 66 gold pieces
 72098 | Depths:3 | Reached skill level 13 in Shapeshifting
 72105 | Depths:3 | Noticed Vv
 72119 | Depths:3 | Hit by a large rock thrown by a stone giant
 72193 | Depths:3 | Noticed a juggernaut
 72300 | Depths:3 | Killed Vv
 72301 | Depths:3 | Reached skill level 14 in Shapeshifting
 72762 | Depths:3 | Identified the ring of the Final Chapter {+Blink rElec rF+
                  | Str+4}
 72834 | Depths:3 | Killed a juggernaut
 73079 | Depths:3 | Noticed Grunn
 73087 | Depths:3 | Reached skill level 15 in Shapeshifting
 73095 | Depths:3 | Killed Grunn
 73102 | Depths:3 | Your ally Grunn died
 73794 | Depths:3 | Noticed a juggernaut
 73797 | Depths:3 | Killed a juggernaut
 73826 | Depths:3 | Noticed a golden dragon
 73828 | Depths:3 | Killed a golden dragon
 73829 | Depths:3 | Reached skill level 16 in Shapeshifting
 73980 | Depths:3 | Noticed Margery
 73987 | Depths:3 | Killed Margery
 74138 | Depths:3 | Found a one-way gateway to a ziggurat.
 74138 | Depths:3 | Noticed a golden dragon
 74171 | Depths:3 | Found the +2 pair of slick slippers {slick, slippery, EV+4}
 74175 | Depths:3 | Your ally Margery died
 74180 | Depths:3 | Killed a golden dragon
 74181 | Depths:3 | Reached skill level 17 in Shapeshifting
 74255 | Depths:3 | Noticed a caustic shrike
 74258 | Depths:3 | Killed a caustic shrike
 74379 | Depths:3 | Noticed a caustic shrike
 74408 | Depths:3 | Killed a caustic shrike
 74955 | Depths:4 | Entered Level 4 of the Depths
 74960 | Depths:4 | Reached XP level 23. HP: 110/110 MP: 39/47
 75251 | Depths:4 | Found Tarruuw's Book Shop.
 75349 | Depths:4 | Reached skill level 18 in Shapeshifting
 75514 | Depths:4 | Found a bloodstained altar of Trog.
 75754 | Depths:4 | Found a gate to the Realm of Zot.
 75883 | Depths:4 | Learned a level 2 spell: Blink
 76642 | Depths:4 | Found a bloodstained altar of Trog.
 76713 | Depths:4 | Found a gate to the Realm of Zot.
 76850 | Depths:4 | Found Tarruuw's Book Shop.
 77708 | Zot:5    | Identified the "Japaanif"
 77708 | Slime:1  | Entered Level 1 of the Pits of Slime
 77711 | Slime:1  | Gained mutation: You sometimes lose your temper in combat.
                  | [a shining eye]
 77797 | Slime:1  | Reached skill level 19 in Shapeshifting
 78982 | Slime:4  | Reached skill level 20 in Shapeshifting
 79584 | Slime:5  | Identified the "Raeqivit"
 79584 | Slime:5  | Entered Level 5 of the Pits of Slime
 80094 | Slime:5  | Noticed the Royal Jelly
 80099 | Slime:5  | Reached skill level 21 in Shapeshifting
 80182 | Slime:5  | Killed the Royal Jelly
 80433 | Slime:5  | Reached XP level 24. HP: 114/114 MP: 44/47
 80520 | Slime:5  | Identified the +6 chain mail "Moghop" {Str+3}
 80526 | Slime:5  | Identified the ring of the Kangaroo {rPois Str-2 Dex+7}
 80587 | Slime:5  | Got a slimy rune of Zot
 81807 | Crypt:1  | Entered Level 1 of the Crypt
 81807 | Crypt:1  | Noticed Sojobo
 82126 | Crypt:1  | Reached skill level 22 in Shapeshifting
 82507 | Crypt:1  | Found a runed translucent gate.
 82509 | Crypt:1  | Found a runed translucent gate.
 82510 | Crypt:1  | Found a runed translucent gate.
 82523 | Crypt:1  | Killed Sojobo
 83085 | Crypt:1  | Your ally Sojobo died
 83100 | Crypt:1  | Acquired 763 gold pieces
 84232 | Crypt:2  | Reached skill level 23 in Shapeshifting
 84351 | Crypt:2  | Reached skill level 1 in Translocations
 85182 | Crypt:3  | Entered Level 3 of the Crypt
 85800 | D:11     | Learned a level 4 spell: Manifold Assault
 85815 | D:11     | Learned a level 5 spell: Lee's Rapid Deconstruction
 86642 | Crypt:3  | Reached skill level 1 in Unarmed Combat
 87234 | Crypt:3  | Found a staircase to the Tomb.
 87343 | Crypt:3  | Reached skill level 5 in Unarmed Combat
 87430 | Crypt:3  | Reached skill level 5 in Translocations
 87577 | Crypt:3  | Noticed a dread lich
 87588 | Crypt:3  | Killed a dread lich
 87592 | Crypt:3  | Noticed an ancient lich
 87600 | Crypt:3  | Killed an ancient lich
 87607 | Crypt:3  | Identified the ring "Qaocvagro" {Will++ EV+5}
 87613 | Crypt:3  | Identified the staff of Arbitration {rF+ rC+ rN++ Str-3
                  | Fire}
 87624 | Crypt:3  | Identified the +1 rapier of Awkwardness {heavy, Will+
                  | Stlth+}
 87982 | Vaults:4 | Learned a level 5 spell: Summon Mana Viper
 87982 | Vaults:4 | Reached XP level 25. HP: 118/118 MP: 47/47
 87993 | Vaults:5 | Entered Level 5 of the Vaults
 88043 | Vaults:5 | Killed from afar by a war gargoyle
 88066 | Vaults:5 | Noticed an ancient lich
 88071 | Vaults:5 | Killed an ancient lich
 88168 | Vaults:5 | Identified the +4 scale mail of Uxed {rC+ Int-5 Dex+5}
 88209 | Vaults:5 | Identified the amulet "Wenisat" {Spirit Drain Str+5}
 88215 | Vaults:5 | Reached XP level 26. HP: 123/123 MP: 12/47
 88229 | Vaults:5 | Noticed a dread lich
 88251 | Vaults:5 | Reached skill level 10 in Unarmed Combat
 88289 | Vaults:5 | Killed a dread lich
 88733 | Vaults:5 | Identified the +9 arbalest of Brawling {penet, Str+5}
 88733 | Vaults:5 | Noticed Mennas
 88750 | Vaults:5 | Killed Mennas
 88750 | Vaults:5 | Charmed Mennas
 89228 | Vaults:5 | Got a silver rune of Zot
 89592 | Vaults:5 | Identified the +5 orcbow "Fynet" {flame, Dex+2}
 90189 | Vaults:5 | Noticed a dread lich
 90200 | Vaults:5 | Killed a dread lich
 90699 | Vaults:5 | Learned a level 4 spell: Passage of Golubria
 91066 | Tomb:1   | Entered Level 1 of the Tomb of the Ancients
 91909 | Tomb:1   | Reached skill level 1 in Earth Magic
 91996 | Tomb:1   | Noticed a royal mummy
 92002 | Tomb:1   | Killed a royal mummy
 92002 | Tomb:1   | Noticed a royal mummy
 92003 | Tomb:1   | Noticed a royal mummy
 92007 | Tomb:1   | Noticed a royal mummy
 92007 | Tomb:1   | Killed a royal mummy
 92012 | Tomb:1   | Killed a royal mummy
 92012 | Tomb:1   | Noticed a royal mummy
 92016 | Tomb:1   | Killed a royal mummy
 92017 | Tomb:1   | Killed a royal mummy
 92137 | Tomb:1   | Noticed a royal mummy
 92145 | Tomb:1   | Killed a royal mummy
 92162 | Tomb:1   | Noticed a royal mummy
 92164 | Tomb:1   | Noticed a royal mummy
 92171 | Tomb:1   | Killed a royal mummy
 92175 | Tomb:1   | Killed a royal mummy
 92179 | Tomb:1   | Noticed a royal mummy
 92180 | Tomb:1   | Noticed a royal mummy
 92190 | Tomb:1   | Killed a royal mummy
 92220 | Tomb:1   | Killed a royal mummy
 92237 | Tomb:1   | Noticed a royal mummy
 92244 | Tomb:1   | Killed a royal mummy
 92261 | Tomb:1   | Noticed a royal mummy
 92269 | Tomb:1   | Killed a royal mummy
 92436 | Tomb:1   | Noticed a royal mummy
 92447 | Tomb:1   | Killed a royal mummy
 92649 | Tomb:1   | Noticed a royal mummy
 92660 | Tomb:1   | Killed a royal mummy
 92744 | Tomb:1   | Noticed a royal mummy
 92750 | Tomb:1   | Noticed a royal mummy
 92755 | Tomb:1   | Killed a royal mummy
 92756 | Tomb:1   | Reached skill level 5 in Earth Magic
 92757 | Tomb:1   | Killed a royal mummy
 92954 | Tomb:2   | Reached XP level 27. HP: 106/128 MP: 26/48
 93230 | Tomb:2   | Noticed a royal mummy
 93241 | Tomb:2   | Killed a royal mummy
 93244 | Tomb:2   | Noticed a royal mummy
 93249 | Tomb:2   | Killed a royal mummy
 93285 | Tomb:2   | Noticed a royal mummy
 93290 | Tomb:2   | Killed a royal mummy
 93299 | Tomb:2   | Reached skill level 5 in Evocations
 93531 | Tomb:2   | Noticed a royal mummy
 93541 | Tomb:2   | Killed a royal mummy
 94164 | Tomb:3   | Identified the "Feytav"
 94164 | Tomb:3   | Identified the of Cyot
 94164 | Tomb:3   | Identified the "Merraim"
 94164 | Tomb:3   | Identified the "Xogg"
 94164 | Tomb:3   | Entered Level 3 of the Tomb of the Ancients
 94196 | Tomb:3   | Noticed a royal mummy
 94200 | Tomb:3   | Killed a royal mummy
 94209 | Tomb:3   | Noticed a royal mummy
 94209 | Tomb:3   | Noticed a royal mummy
 94214 | Tomb:3   | Killed a royal mummy
 94215 | Tomb:3   | Reached skill level 24 in Shapeshifting
 94217 | Tomb:3   | Killed a royal mummy
 94355 | Tomb:3   | Noticed a royal mummy
 94359 | Tomb:3   | Killed a royal mummy
 94360 | Tomb:3   | Noticed a royal mummy
 94364 | Tomb:3   | Killed a royal mummy
 94368 | Tomb:3   | Noticed Khufu
 94378 | Tomb:3   | Noticed a royal mummy
 94387 | Tomb:3   | Killed a royal mummy
 94390 | Tomb:3   | Killed Khufu
 94704 | Tomb:3   | Found the +6 arbalest "Damnation" {damnation}
 94706 | Tomb:3   | Found the +3 hat of Pondering {ponderous, Will+ MP+10
                  | Int+5}
 94784 | Tomb:3   | Noticed a royal mummy
 94794 | Tomb:3   | Killed a royal mummy
 94795 | Tomb:3   | Reached skill level 10 in Translocations
 94847 | Tomb:3   | Got a golden rune of Zot
 94919 | Tomb:3   | Noticed a royal mummy
 94927 | Tomb:3   | Killed a royal mummy
 95903 | Zot:1    | Entered Level 1 of the Realm of Zot
 96988 | Zot:1    | Reached skill level 15 in Invocations
 97075 | Zot:1    | Reached skill level 15 in Unarmed Combat
 97535 | Zot:1    | Learned a level 5 spell: Borgnjor's Vile Clutch
 97743 | Zot:2    | Reached skill level 15 in Dodging
 98142 | Zot:2    | Identified the +6 great mace of Indignation {elec, Int+3
                  | Dex+3}
 98148 | Zot:2    | Noticed an orb of fire
 98159 | Zot:2    | Killed an orb of fire
100728 | Zot:3    | Found Vaggedgh's CLEARANCE SALE!.
101201 | Zot:3    | Noticed an orb of fire
101207 | Zot:3    | Killed an orb of fire
102457 | Zot:5    | Entered Level 5 of the Realm of Zot
102769 | Zot:5    | Lost mutation: You sometimes lose your temper in combat.
                  | [potion of mutation]
102769 | Zot:5    | Gained mutation: You are vulnerable to heat. (rF-) [potion
                  | of mutation]
102769 | Zot:5    | Gained mutation: Your mind is acute. (Int +4, Str/Dex -1)
                  | [potion of mutation]
102769 | Zot:5    | Gained mutation: Your muscles are strong. (Str +4, Int/Dex
                  | -1) [potion of mutation]
102786 | Zot:5    | Reached skill level 25 in Shapeshifting
102940 | Zot:5    | Noticed an orb of fire
102941 | Zot:5    | Noticed an orb of fire
102943 | Zot:5    | Got the Orb of Zot
102946 | Zot:5    | Noticed an orb of fire
102946 | Zot:5    | Noticed an orb of fire
102946 | Zot:5    | Noticed an orb of fire
102951 | Zot:5    | Noticed an orb of fire
102963 | Zot:5    | Noticed an ancient lich
102969 | Zot:5    | Noticed a dread lich
103001 | Zot:5    | Your ally Mennas died
103067 | Zot:2    | Noticed Yschuy the pandemonium lord
103074 | Zot:2    | Killed from afar by Yschuy the pandemonium lord
103287 | D:15     | Reached skill level 15 in Translocations
103371 | D:13     | Learned a level 2 spell: Passwall
103606 | D:4      | Noticed Ulannier the pandemonium lord
103663 | D:1      | Noticed Azuaruet the pandemonium lord
103674 | D:1      | Killed Azuaruet the pandemonium lord
103708 | D:$      | Escaped with the Orb!

Illustrated notes

Levels and vault maps discovered:
D:1:      sevenhm_arrival_forest_fort_small_3, layout_basic,
          ebering_ecumenical_altar_petrified, minmay_pentomino_t2
D:2:      layout_basic, minmay_misc_feat_ornament, minmay_quantized,
          uniq_jessica
D:3:      layout_basic, cheibrodos_ashenzari_chains,
          nicolae_overflow_crystal_walls
D:4:      wad_pebble_path, layout_basic, nicolae_gozag_zags_fifth_avenue,
          xom_redecorated, mainiacjoe_overflow_paths, uniq_ijyb, uniq_sigmund
D:5:      layout_basic, vehumet_statue, gammafunk_temple_overflow_claw,
          demons_altar, minmay_temple_entry_statues_pillars, hex_large
D:6:      layout_loops_ring, zin_scriptorium, lemuel_coloured_pillars_altar
D:7:      layout_cave_pools, uniq_pikel
D:8:      layout_basic, okawaru_metal_pillars_3, kennysheep_little_box
D:9:      layout_long_grid, grunt_ministairs_13
D:10:     layout_big_octagon, mainiacjoe_overflow_swirl, lair_entry_dummy,
          kennysheep_orc_monster_closet_entryway
D:11:     layout_loops_ring, tso_oasis_becter
D:12:     layout_roguey, uniq_psyche
D:13:     layout_gridville, minmay_misc_feat_pillars, minmay_librarian
D:14:     layout_cave_pods, lightli_vaults_fourway_checkpoint,
          nicolae_ru_awakened_eye
D:15:     hangedman_depths_entry_try_elsewhere_first, layout_long_grid,
          serial_shops, nicolae_shop_tiny_real_fake_doors, small_statue_alley_a,
          minmay_fractal_squares_gapless_7
Temple:   nicolae_temple_bog_church
Lair:1:   layout_roguey, gammafunk_ghost_grave, chequers_serial_rivers_micro_c,
          grunt_forest_large_clearing_hut, uniq_urug
Lair:2:   beast_lair_carwin_large_3, layout_regular_city,
          minmay_shoals_entry_centaurs, nicolae_spider_entry_tight_spaces,
          grunt_megastairs_2, uniq_nergalle, uniq_erica
Lair:3:   layout_small_grid, dpeg_oklob_1, grunt_megastairs_5
Lair:4:   onia_ninara_swampy_vault, layout_regular_city,
          chequers_serial_rivers_marsh, beast_lair_carwin_7, lemuel_fruit_tree
Lair:5:   due_jungle_book, layout_concentric_octagons, slime_entry_2,
          nicolae_lair_lil_pond, nicolae_lair_grove_arrangements,
          chequers_serial_rivers_large_a, pond
Shoals:1: layout_shoals, nicolae_shoals_beach_house_on_fowls_legs
Shoals:2: gammafunk_sealed_arena, layout_shoals,
          minmay_shop_enchanted_jewellery, nicolae_shoals_this_corrosion
Shoals:3: layout_shoals, uniq_polyphemus
Shoals:4: shoals_end_grunt_ice, layout_shoals, uniq_mara, uniq_kirke, uniq_aizul
Spider:1: layout_cave_pods, einodemon_crawler_minivault, uniq_josephine
Spider:2: nicolae_spider_hilbert_zone_2 [nicolae_spider_hilbert_4_sides_1_open,
          nicolae_spider_hilbert_4_sides_1_open,
          nicolae_spider_hilbert_4_sides_1_open,
          nicolae_spider_hilbert_4_sides_1_open,
          nicolae_spider_hilbert_6_sides_1_open,
          nicolae_spider_hilbert_6_sides_1_open,
          nicolae_spider_hilbert_3_sides_1_open,
          nicolae_spider_hilbert_3_sides_1_open,
          nicolae_spider_hilbert_3_sides_1_open,
          nicolae_spider_hilbert_3_sides_1_open,
          nicolae_spider_hilbert_6_sides_1_open,
          nicolae_spider_hilbert_6_sides_1_open,
          nicolae_spider_hilbert_6_sides_1_open,
          nicolae_spider_hilbert_6_sides_1_open],
          nicolae_spider_baby_got_redback, uniq_donald, uniq_arachne,
          uniq_frances, uniq_louise
Spider:3: layout_chambers, nicolae_spider_some_kinda_spiderbox
Spider:4: grunt_spider_rune_parallel
Slime:1:  layout_caves, nicolae_slime_getting_an_eyeful
Slime:2:  layout_caves
Slime:3:  layout_caves
Slime:4:  layout_caves
Slime:5:  slime_pit_nicolae_block_by_block
Orc:1:    layout_caves
Orc:2:    hellmonk_orc_salted, layout_caves, serial_shops, shop,
          nicolae_diamond_shop, shop, shop, uniq_jorgrun
Elf:1:    minmay_elf_arrival_summoners, layout_onion_city, serial_shops, shop,
          orc_legates, statue_in_the_mist_lemuel, minmay_misc_feat_alley,
          corexii_hall_statues_l, moated_statue
Elf:2:    nicolae_elf_blades_splatter_lattice [nicolae_blade_bullseye],
          layout_geoelf_grid, portal_desolation_entry_garden, drop_trap
Elf:3:    minmay_elf_hall_x, layout_gridlike, serial_shops, bzr_entry_lakeside,
          infiniplex_enter_wizlab_glasses, guppyfry_elf_lava
Vaults:1: v_alt_pattern_2, hangedman_vaults_hat, nicolae_vaults_turnstiles,
          nicolae_vaults_surprise_closet, nicolae_vaults_stepped_doors,
          hangedman_vaults_restitches, nicolae_vaults_trapezoid_2,
          nicolae_vaults_tangram_2, ontoclasm_vaults_fault,
          nicolae_vaults_little_squares_1, grunt_vaults_hallway_short,
          nicolae_vaults_little_ls, layout_vaults_omnigrid
Vaults:2: v_misc_23, v_misc_16, nicolae_vaults_heart-shaped_vault,
          ontoclasm_vaults_ring_square, nicolae_vaults_offset_grid_hallway_4,
          gammafunk_dig_for_victory, nicolae_vaults_little_squares_1,
          nicolae_vaults_variable_pillar_hall_cross, nicolae_vaults_theta,
          nicolae_vaults_wine_cellar, vaults_room_fours, layout_vaults_omnibox,
          uniq_nikola
Vaults:3: grunt_vaults_twisty, vaults_room_grunt_arrival_checkpoint,
          grunt_vaults_trifunnel, v_rooms_5,
          nicolae_vaults_doubleplus_tesselated, v_alt_pattern_5,
          nicolae_vaults_octothorpe, nicolae_vaults_trapezoid_lopsided_3,
          st_check, layout_vaults_big_room
Vaults:4: gammafunk_ghost_ooze, v_misc_33, hangedman_vaults_pinch,
          nicolae_vaults_tetromino_Z_2, nicolae_vaults_mitosis,
          nicolae_vaults_circle_grid_a, ontoclasm_vaults_misaligned,
          nicolae_vaults_sesquioval_fish, nicolae_vaults_network_square,
          nicolae_vaults_double_plus_1, nicolae_vaults_enemy_cabinets,
          nicolae_vaults_trapezoid_layered, hangedman_vaults_slice,
          layout_vaults_omnicross, serial_shops, nicolae_shop_peninsula
Vaults:5: serial_shops, uniq_mennas
Crypt:1:  layout_catacombs, pandoras_box_mu, uniq_sojobo
Crypt:2:  layout_catacombs, eino_tiny_chamber, lemuel_elevator
Crypt:3:  david_glass_crypt, layout_chaotic_city
Tomb:1
Tomb:2
Tomb:3
Depths:1: layout_roguey, pf_hell_entry_tar_spiral, nzn_wu_jian_council_hall,
          nicolae_good_shop, uniq_norris
Depths:2: dreamdust_under_siege, layout_long_grid, pan_entry, serial_shops,
          shop, hangedman_coc_ice_floe, minmay_room_of_horrors,
          nicolae_kite_square_tiling_tiny, minmay_staircase_bubble,
          uniq_josephina
Depths:3: box_level_dp, pan_entry, hell_entry, abyss_entry, uniq_vv,
          uniq_margery, uniq_grunn
Depths:4: evilmike_zot_entry_diamond, layout_gridlike, lightli_too_deep,
          serial_shops, nicolae_shop_stone, trog_three_pillars_becter,
          pan_entry, serial_bayou_pond_c
Zot:1:    cheibrodos_zot_enchanting_chambers, layout_gridlike,
          regret_index_zotdec_onion_hex,
          regret_index_zotdec_abyssal_star_handed, lemuel_golem_globe
Zot:2:    hangedman_orp_of_zott, layout_gridlike, grunt_ministairs_2,
          lemuel_elevator
Zot:3:    layout_gridlike, nicolae_shop_clearance, lemuel_elevator
Zot:4:    layout_gridlike
Zot:5:    layout_gridlike, kennysheep_underground_church

Skill      XL: |  1  2  3  4  5  6  7  8  9 10 11 12 13 14 15 16 17 18 19 20 21 22 23 24 25 26 27 |
---------------+----------------------------------------------------------------------------------+-----
Summonings     | 5 6 7 9 10 11 13 15 16 18 20 22 23 24 | 24.0
Spellcasting   | 3 4 5 7 9 11 12 13 14 15 17 18 19 20 | 20.5
Hexes          | 1 2 4 5 |  5.0
Air Magic      | 1 3 6 7 |  7.0
Invocations    | 3 6 8 9 11 12 13 16 | 16.0
Dodging        | 5 9 11 12 19 | 19.0
Fighting       | 3 6 8 9 10 12 14 15 16 17 20 | 20.9
Poison Magic   | 2 5 |  5.0
Transmutations | 1 3 |  3.0
Fire Magic     | 1 3 |  3.0
Shapeshifting  | 11 17 21 23 25 | 25.0
Evocations     | 4 9 |  9.0
Translocations | 6 15 | 15.1
Unarmed Combat | 8 9 13 16 | 16.5
Earth Magic    | 6 |  6.8
Stealth        | |  2.6

Action                     |  1- 3 |  4- 6 |  7- 9 | 10-12 | 13-15 | 16-18 | 19-21 | 22-24 | 25-27 || total
---------------------------+-------+-------+-------+-------+-------+-------+-------+-------+-------++-------
  Melee: Unarmed           |    25 |     6 |    22 |    50 |    22 |     4 |     4 |    26 |   305 ||   464
         Bite              |       |       |     6 |     6 |     6 |     2 |       |     5 |     4 ||    29
         Punch             |       |       |     1 |     4 |     1 |       |       |     2 |    40 ||    48
         Constrict         |       |       |       |       |       |       |     1 |       |       ||     1
   Cast: Summon Small Mamm |    53 |    31 |    14 |       |     6 |       |       |       |       ||   104
         Call Imp          |     9 |    34 |    35 |    39 |    33 |     1 |     2 |       |       ||   153
         Call Canine Famil |     1 |    39 |    47 |    69 |   117 |     9 |    17 |     1 |       ||   300
         Summon Guardian G |       |       |     6 |    27 |    15 |       |     3 |     9 |       ||    60
         Summon Lightning  |       |       |    14 |    36 |    41 |     6 |     7 |     4 |     1 ||   109
         Mephitic Cloud    |       |       |       |    16 |    12 |       |     1 |       |       ||    29
         Poisonous Vapours |       |       |       |     9 |    15 |   187 |   254 |    79 |    36 ||   580
         Summon Hydra      |       |       |       |       |   118 |   104 |    62 |    35 |     7 ||   326
         Tukima's Dance    |       |       |       |       |    18 |       |     2 |       |     1 ||    21
         Summon Cactus Gia |       |       |       |       |    58 |    35 |    61 |    27 |    19 ||   200
         Ignite Poison     |       |       |       |       |    12 |   230 |   289 |    68 |    43 ||   642
         Olgreb's Toxic Ra |       |       |       |       |     9 |    65 |    55 |     5 |     7 ||   141
         Summon Forest     |       |       |       |       |     1 |    14 |    10 |    29 |    35 ||    89
         Dragon's Call     |       |       |       |       |       |       |    19 |    74 |    67 ||   160
         Blink             |       |       |       |       |       |       |       |     1 |       ||     1
         Manifold Assault  |       |       |       |       |       |       |       |     5 |    81 ||    86
         Summon Mana Viper |       |       |       |       |       |       |       |       |     5 ||     5
         Passage of Golubr |       |       |       |       |       |       |       |       |     2 ||     2
         Passwall          |       |       |       |       |       |       |       |       |     2 ||     2
 Invoke: Dark Bargain      |       |       |     3 |     7 |     2 |    18 |     6 |     4 |     9 ||    49
         Recall Undead Har |       |       |       |    14 |    47 |    20 |    43 |    28 |    34 ||   186
         Bind Soul         |       |       |       |     1 |     6 |     3 |     4 |     4 |     3 ||    21
         Drain Life        |       |       |       |       |       |     2 |     3 |       |     1 ||     6
         Stop Recall       |       |       |       |       |       |       |       |     1 |       ||     1
Ability: Begin Untransform |       |       |       |       |       |       |     1 |     1 |     4 ||     6
         Blinkbolt         |       |       |       |       |       |       |       |       |    11 ||    11
         Evoke Blink       |       |       |       |       |       |       |       |       |     5 ||     5
  Evoke: Wand              |       |       |     3 |    25 |    13 |     8 |     8 |     8 |    12 ||    77
         Tin of tremorston |       |       |       |       |     1 |       |       |       |     1 ||     2
         Phial of floods   |       |       |       |       |       |     2 |     1 |       |     1 ||     4
         Box of beasts     |       |       |       |       |       |     1 |       |     2 |     2 ||     5
         Phantom mirror    |       |       |       |       |       |       |     2 |     1 |     2 ||     5
         Lightning rod     |       |       |       |       |       |       |       |     1 |     4 ||     5
    Use: Scroll            |     1 |     6 |    10 |     4 |     6 |     7 |     8 |    22 |    20 ||    84
         Potion            |       |       |       |     9 |     5 |    13 |    10 |    14 |    27 ||    78
   Stab: Distracted        |       |       |       |     2 |       |       |       |       |     6 ||     8
         Confused          |       |       |       |     4 |       |       |       |       |       ||     4
         Paralysed         |       |       |       |       |       |     2 |       |       |       ||     2
         Sleeping          |       |       |       |       |       |       |       |       |     1 ||     1
 Armour: Skin              |    16 |     6 |    20 |    67 |    77 |   109 |   110 |   138 |   170 ||   713
  Dodge: Dodged            |    27 |    10 |    48 |    97 |   130 |   145 |   162 |   168 |   482 ||  1269
   Form: Anaconda          |       |       |       |       |       |       |     1 |       |       ||     1
         Statue            |       |       |       |       |       |       |       |     1 |       ||     1
         Death             |       |       |       |       |       |       |       |     1 |     5 ||     6
         Storm             |       |       |       |       |       |       |       |       |     1 ||     1

Table legend: (Time is in decaauts)
 A = Elapsed time spent in this place.
 B = Non-inter-level travel time spent in this place.
 C = Inter-level travel time spent in this place.
 D = Time resting spent in this place.
 E = Time spent auto-exploring this place.
 F = Levels seen in this place.
 G = Mean time per level.
                   A        B        C        D        E       F      G
               +--------+--------+--------+--------+--------+-----+--------+
         Total |  99153 |  90221 |   8932 |  31978 |  31351 |  60 | 1652.6 |
       Dungeon |  21095 |  18666 |   2429 |   6476 |   6554 |  15 | 1406.3 |
        Temple |     25 |      3 |     22 |      0 |      0 |   1 |   25.0 |
          Lair |  13906 |  12850 |   1056 |   6793 |   2903 |   5 | 2781.2 |
        Shoals |   5226 |   4817 |    409 |   1393 |   1093 |   4 | 1306.5 |
   Spider Nest |   6115 |   5810 |    305 |   2085 |   2245 |   4 | 1528.8 |
    Slime Pits |   5638 |   5469 |    169 |   1208 |   2808 |   5 | 1127.6 |
  Orcish Mines |   3054 |   2579 |    475 |    956 |    821 |   2 | 1527.0 |
   Elven Halls |   4808 |   4531 |    277 |   1600 |   1483 |   3 | 1602.7 |
        Vaults |  12023 |  10645 |   1378 |   3972 |   3519 |   5 | 2404.6 |
         Crypt |   7281 |   6333 |    948 |   1762 |   3382 |   3 | 2427.0 |
          Tomb |   3787 |   3435 |    352 |    927 |    669 |   3 | 1262.3 |
        Depths |   8314 |   7715 |    599 |   2526 |   2819 |   4 | 2078.5 |
           Zot |   7243 |   6735 |    508 |   1892 |   3051 |   5 | 1448.6 |
    Desolation |    635 |    635 |      0 |    383 |      0 |   1 |  635.0 |
               +--------+--------+--------+--------+--------+-----+--------+

Top non-repeatable levels by time:
  Lair:5: 3988 daAuts
 Crypt:1: 3837 daAuts
Depths:3: 2911 daAuts
  Lair:2: 2835 daAuts
Vaults:2: 2805 daAuts
 Slime:5: 2777 daAuts
  Lair:3: 2736 daAuts
Vaults:5: 2627 daAuts
  Lair:1: 2553 daAuts
Vaults:1: 2553 daAuts
    D:15: 2483 daAuts
Vaults:3: 2458 daAuts
   Orc:2: 2401 daAuts
Depths:4: 2353 daAuts
 Crypt:2: 2321 daAuts
